 Dungeon Crawl Stone Soup version 0.32-a0-35-gd9ff480968 (webtiles) character file.

Game seed: 7528042883069680376

59 whatisthis the Shooter (level 4, -6/28 HPs)
             Began as a Kobold Hexslinger on Jan 21, 2024.
             Mangled by a gnoll
             ... wielding a +0 flail
              (12 damage)
             ... on level 1 of the Dungeon.
             The game lasted 00:02:39 (1242 turns).

whatisthis the Shooter (Kobold Hexslinger)          Turns: 1242, Time: 00:02:40

Health: -6/28      AC:  2    Str:  5    XL:     4   Next: 22%
Magic:  5/5        EV: 15    Int: 14    God:
Gold:   73         SH:  0    Dex: 19    Spells: 5/5 levels left

rFire   . . .        a - +1 sling
rCold   . . .        (no shield)
rNeg    . . .        c - +0 robe
rPois   .            (no helmet)
rElec   .            (no cloak)
rCorr   .            (no gloves)
SInv    .            (no boots)
Will    .....        (no amulet)
Stlth   +++          (no ring)
HPRegen 0.24/turn    (no ring)
MPRegen 0.09/turn

%: no passive effects
@: no status effects
A: small, no large weapons, nightstalker 3
a: no special abilities


You were on level 1 of the Dungeon.
You visited 1 branch of the dungeon, and saw 2 of its levels.

You collected 73 gold pieces.

Inventory:

Hand Weapons
 a - a +1 sling (weapon)
Missiles
 d - 6 poisoned darts
Armour
 c - a +0 robe (worn)
Scrolls
 b - a scroll of poison
Potions
 e - a potion of invisibility {unknown}
 f - 2 potions of mutation {unknown}


   Skills:
 + Level 3.0 Fighting
 + Level 4.3 Ranged Weapons
 - Level 2.4 Dodging
 - Level 1.1 Spellcasting
 - Level 3.0 Hexes
 - Level 1.0 Fire Magic


You had 5 spell levels left.
You didn't know any spells.
Your spell library contained the following spells:

 Spells                   Type           Power      Damage    Failure   Level
 Jinxbite                 Hex            18%        N/A       12%         2
 Sigil of Binding         Hex            9%         N/A       22%         3
 Inner Flame              Hex/Fire       6%         N/A       34%         3
 Cause Fear               Hex            4%         N/A       58%         4
 Dimensional Bullseye     Hex/Tloc       2%         N/A       80%         4


Dungeon Overview and Level Annotations

Branches:
Dungeon (2/15)

Altars:


Innate Abilities, Weirdness & Mutations

You are small and have problems with some larger weapons.
You are completely attuned to the shadows.


Message History

You see here a ribbon worm corpse.
You enter the shallow water.
Moving in this stuff is going to be slow.
Something hits the plant!
The plant begins to die.
You hear a shout!
The gnoll shouts! x2
A nearby plant withers and dies.
You shoot a sling bullet. The sling bullet hits the plant!
The plant begins to die.
The plant is lightly damaged.
A nearby plant withers and dies.
The gnoll throws a stone.
The stone barely misses you.
You see here a ribbon worm corpse.
There is a stone staircase leading down here.
There is a stone staircase leading up here.
Fire: a) +1 sling
Press: ? - help, Q - select action, (/) - cycle Shift-Dir - straight line, f - gnoll
Aim: a gnoll, wielding a +0 flail (66% to hit)
You shoot a sling bullet.
The sling bullet barely misses the gnoll.
Unknown command.
The gnoll closely misses you.
You climb upwards.
There is a stone staircase leading down here.
You shoot a sling bullet. The sling bullet hits the gnoll.
The gnoll is lightly wounded.
The gnoll hits you with a +0 flail.
You shoot a sling bullet. The sling bullet hits the gnoll.
The gnoll is heavily wounded.
The gnoll hits you with a +0 flail!
You shoot a sling bullet.
The sling bullet hits the gnoll but does no damage.
The gnoll is heavily wounded.
The gnoll hits you with a +0 flail!
* * * LOW HITPOINT WARNING * * *
The gnoll barely misses you.
You shoot a sling bullet. The sling bullet hits the gnoll.
The gnoll is severely wounded.
The gnoll hits you with a +0 flail!
You die...

############
#..........#
########.....####.#
#...............#.#
#.######.(...##.#.#
##.######.....##.#.#
.......####.####.#.#
##...#.# #.# #g#.#
...#.#.# #.# #@#.#
##...#.# #.# ##.#.#
##..##.# #.###.#..#
.......# #.##.###.##
.#..#### #...## ##.#
.#..# ####.###.##
.#..# ##.#.## ....#
##..# .##.# ##.#


You could see a gnoll.

Vanquished Creatures
  2 gnolls
  An adder (D:2)
  2 ribbon worms (D:2)
  A dart slug (D:1)
  2 bats (D:1)
  4 endoplasms (D:1)
  3 goblins (D:1)
  2 hobgoblins (D:1)
  A quokka (D:1)
  3 ball pythons
  A kobold (D:1)
  3 rats (D:1)
25 creatures vanquished.

Notes
Turn   | Place    | Note
-------+----------+-------------------------------------------
     0 | D:1      | whatisthis the Kobold Hexslinger began the quest for the
                  | Orb.
     0 | D:1      | Reached XP level 1. HP: 12/12 MP: 2/2
   133 | D:1      | Reached skill level 3 in Ranged Weapons
   133 | D:1      | Reached XP level 2. HP: 15/16 MP: 3/3
   566 | D:1      | Reached XP level 3. HP: 21/21 MP: 4/4
   899 | D:2      | Reached skill level 4 in Ranged Weapons
  1056 | D:1      | Reached XP level 4. HP: 6/27 MP: 5/5
  1242 | D:1      | Mangled by a gnoll

Illustrated notes

Levels and vault maps discovered:
D:1:      mushboom_english_gardens, layout_loops_ring,
          chequers_hall_statues_corner_a, serial_bayou_pond_a,
          hangedman_decor_push, nicolae_concentric_dashed_squares_wild,
          serial_park_tiny_2
D:2:      layout_loops_ring, serial_shops, shop, serial_bayou_pond_c,
          chequers_serial_rivers_small_a

Skill      XL: |  1  2  3  4 |
---------------+-------------+-----
Ranged Weapons | 3 4 |  4.3
Fighting       | 2 3 |  3.0
Dodging        | |  2.4
Spellcasting   | |  1.1
Hexes          | |  3.0
Fire Magic     | |  1.0

Action                     |  1- 3 |  4- 6 || total
---------------------------+-------+-------++-------
   Fire: Sling             |    65 |    14 ||    79
 Armour: Robe              |    11 |     5 ||    16
  Dodge: Dodged            |    25 |     6 ||    31

Table legend: (Time is in decaauts)
 A = Elapsed time spent in this place.
 B = Non-inter-level travel time spent in this place.
 C = Inter-level travel time spent in this place.
 D = Time resting spent in this place.
 E = Time spent auto-exploring this place.
 F = Levels seen in this place.
 G = Mean time per level.
                   A        B        C        D        E       F      G
               +--------+--------+--------+--------+--------+-----+--------+
         Total |   1268 |   1177 |     91 |    167 |    752 |   2 |  634.0 |
       Dungeon |   1268 |   1177 |     91 |    167 |    752 |   2 |  634.0 |
               +--------+--------+--------+--------+--------+-----+--------+

Top non-repeatable levels by time:
     D:1: 1005 daAuts
     D:2: 262 daAuts
